 Dungeon Crawl Stone Soup version 0.23.2-1-ga50397a6bc (webtiles) character file.

Game seed: 14689533908767761267

28926 Peloso the Carver (level 13, -2/116 HPs)
             Began as a Minotaur Fighter on May 12, 2019.
             Was the Champion of Okawaru.
             Killed by divine providence
             ... invoked by a smoke demon
              (11 damage)
             ... on level 3 of the Abyss.
             The game lasted 00:46:56 (16162 turns).

Peloso the Carver (Minotaur Fighter)               Turns: 16162, Time: 00:46:57

Health: -2/116     AC: 23    Str: 24    XL:     13   Next: 12%
Magic:  13/13      EV: 10    Int:  9    God:    Okawaru [******]
Gold:   590        SH: 17    Dex: 15    Spells: 12/12 levels left

rFire    x . .     SeeInvis .   Q - +3 long sword of Ablela Supo {slice, +Blink Int+4}
rCold    + . .     Gourm    .   c - +0 shield {AC+3}
rNeg     . . .     Faith    .   J - +0 plate armour
rPois    .         Spirit   .   (helmet restricted)
rElec    .         Reflect  +   h - +0 cloak
rCorr    .         Harm     .   z - +0 pair of gloves {Dex+3}
MR       .....                  G - +0 pair of boots
Stlth    ..........             M - +3 amulet of reflection
HPRegen  0.29/turn              m - ring of ice
MPRegen  0.13/turn              (no ring)

@: about to teleport
A: retaliatory headbutt, horns 2
a: Heroism, Finesse, Renounce Religion, Evoke Blink


You were on level 3 of the Abyss.
You worshipped Okawaru.
Okawaru was exalted by your worship.
You were not hungry.

You visited 3 branches of the dungeon, and saw 14 of its levels.
You visited the Abyss 1 time.
You also visited: Ossuary.

You collected 940 gold pieces.
You spent 350 gold pieces at shops.

Inventory:

Hand Weapons
 b - a +4 long sword
 H - the +7 fustibalus of Cajimur {freeze, rPois Str+4, unknown}
   (You found it on level 9 of the Dungeon)

   It causes projectiles fired from it to freeze those they strike, causing
   extra injury to most foes and up to half again as much damage against
   particularly susceptible opponents.
   They can also slow down cold-blooded creatures.
   It affects your strength (+4).
   It protects you from poison.
 O - the +8 storm bow {elec}
   (You took it off a minotaur on level 12 of the Dungeon)

   It charges the ammunition it shoots with electricity; occasionally upon a
   hit, such missiles may discharge and cause terrible harm.
 Q - the +3 long sword of Ablela Supo (weapon) {slice, +Blink Int+4}
   (You bought it in a shop on level 7 of the Dungeon)

   It inflicts extra damage upon your enemies.
   It affects your intelligence (+4).
   It lets you blink.
Armour
 c - a +0 shield of protection (worn)
 h - a +0 cloak (worn)
 z - a +0 pair of gloves of dexterity (worn)
 G - a +0 pair of boots (worn)
 J - a +0 plate armour (worn)
Jewellery
 m - a ring of ice (left hand)
 M - a +3 amulet of reflection (around neck)
Wands
 d - a wand of iceblast (14)
 q - a wand of paralysis (12)
 t - a wand of polymorph (18)
 w - a wand of disintegration (9)
 y - a wand of random effects (26)
 B - a wand of acid (21)
 I - a wand of flame (33)
Scrolls
 e - 8 scrolls of remove curse
 g - 3 scrolls of identify
 i - 2 scrolls of noise
 j - 5 scrolls of enchant armour
 l - a scroll of fog
 n - 4 scrolls of amnesia
 u - 3 scrolls of enchant weapon
 A - 2 scrolls of blinking
 C - 4 scrolls of fear
 F - a scroll of brand weapon
 L - a scroll of magic mapping
Potions
 o - 6 potions of curing
 p - a potion of experience
 r - 5 potions of mutation
 s - a potion of flight
 v - a potion of might
 D - 3 potions of agility
 E - 3 potions of magic
 K - 2 potions of brilliance
 N - a potion of ambrosia
 P - a potion of cancellation
Comestibles
 a - a chunk of flesh
 f - 26 rations


   Skills:
 + Level 11.2 Fighting
 + Level 14.5 Long Blades
 + Level 12.6 Armour
 + Level 5.4 Dodging
 + Level 1.8 Stealth
 + Level 13.4 Shields
 + Level 2.4 Invocations
 + Level 0.2 Evocations


You had 12 spell levels left.
You didn't know any spells.
Your spell library contained the following spells:

 Spells                   Type           Power        Failure   Level  Hunger
 Infusion                 Chrm           #...         99%         1    ##.....
 Shroud of Golubria       Chrm/Tloc      #.........   100%        2    ###....
 Song of Slaying          Chrm           #.......     100%        2    ###....
 Regeneration             Chrm/Necr      #.........   100%        3    ####...
 Spectral Weapon          Hex/Chrm       #.......     100%        3    ####...


Dungeon Overview and Level Annotations

Branches:
Dungeon (12/15)            Temple (1/1) D:4            Lair (1/6) D:10
    Orc (0/2) D:10

Altars:
Ashenzari
Cheibriados
Dithmenos
Elyvilon
Fedhas
Gozag
Hepliaklqana
Kikubaaqudgha
Makhleb
Nemelex Xobeh
Okawaru
Qazlal
Ru
Sif Muna
Trog
Uskayaw
Vehumet
Wu Jian
Xom
Yredelemnul
Zin
The Shining One

Shops:
D:4 !   D:7 (   D:8 =


Innate Abilities, Weirdness & Mutations

You reflexively headbutt those who attack you in melee.
You have a pair of horns on your head.


Message History

Unknown command.
The lightning spire shoots out a bolt of lightning at you!
The bolt of electricity hits the blizzard demon.
The blizzard demon completely resists.
The bolt of electricity hits you!
* * * LOW HITPOINT WARNING * * *
A raiju comes into view.
The blizzard demon shouts!
Unknown command.
As you read the scroll of teleportation, it crumbles to dust.
You feel strangely unstable.
You feel the power of the Abyss delaying your translocation!
The merfolk impaler hits you but does no damage.
The merfolk impaler hits you from afar with a +0 trident of protection!
* * * LOW HITPOINT WARNING * * *
As you read the scroll of fear, it crumbles to dust.
You assume a fearsome visage.
The merfolk impaler looks frightened!
The smoke demon is unaffected.
The blizzard demon is unaffected.
The smoke demon gestures at you. Something smites you!
You die...

.... #.$ #. 8≈8≈
..... ..# h≈.≈
..#.# .. h≈2h
∩#.# ..#
.≈h2≈≈.... .. 8
≈3#.. #. # #m§.#
.###... ##.#
##....#
#.####@...#
#2m...#...#
#....##3#.#....#
#..#...#..#....#
#. ##.#..#.....#
##.###....## ..
....# .# .....
.. ....#


You could see a merfolk impaler (fleeing), a blizzard demon and a smoke demon.

Vanquished Creatures
  A tentacled starspawn (Abyss:2)
  A red draconian (Abyss:2)
  2 minotaurs (D:12)
  The ghost of Peloso the Carver, a novice MiFi of Okawaru (D:10)
  A two-headed ogre (D:12)
  4 death yaks (D:12)
  A deep elf mage (D:12)
  An ugly thing (D:12)
  A worldbinder (Abyss:2)
  Joseph (D:10)
  2 black mambas (Lair:1)
  A gargoyle (D:12)
  A kobold demonologist (D:12)
  A rime drake (Lair:1)
  8 yaktaurs (D:12)
  An ice devil (Abyss:2)
  2 trolls
  A hornet (D:9)
  A hippogriff (D:7)
  Sigmund (D:3)
  A shadow (Abyss:2)
  2 water elementals (D:11)
  A wraith (D:11)
  21 yaks
  The ghost of voshxz the Chopper, an amateur MiBe of Trog (D:7)
  Grum (D:11)
  2 hungry ghosts
  A steam dragon (D:9)
  A chaos spawn (Abyss:2)
  A neqoxec (Abyss:2)
  Edmund (D:5)
  3 wargs (D:10)
  4 large abominations (Abyss:2)
  2 water moccasins
  Duvessa (D:6)
  A hornet zombie (D:7)
  3 sky beasts
  9 ogres
  3 ice beasts
  6 orc warriors
  2 phantoms
  8 small abominations (Abyss:2)
  A necrophage (D:9)
  4 wolves (D:11)
  8 centaurs
  5 big kobolds
  Blork the orc (D:4)
  An elf zombie (Ossuary)
  5 bullfrogs
  Dowan (D:6)
  2 scorpions
  4 killer bees (D:7)
  13 wights
  5 electric eels
  7 howler monkeys
  4 jellies
  7 crimson imps
  3 centaur zombies
  A bullfrog zombie (D:9)
  7 hounds
  6 orc priests
  4 centaur skeletons
  Crazy Yiuf (D:5)
  3 bullfrog skeletons
  Ijyb (D:3)
  An iguana (D:9)
  10 orc wizards
  4 worker ants
  Terence (D:3)
  A big kobold zombie (Ossuary)
  A hound zombie (D:10)
  2 hound skeletons
  2 mummies (Ossuary)
  2 worker ant zombies
  16 gnolls
  10 adders
  3 shadow imps
  5 oozes
  3 adder zombies
  2 worms
  A dart slug (D:3)
  3 leopard geckos
  55 orcs
  7 giant cockroaches
  9 goblins
  8 hobgoblins
  14 jackals
  8 quokkas
  2 ball pythons
  3 bats (D:1)
  2 frilled lizards
  2 goblin zombies (Ossuary)
  8 hobgoblin zombies (Ossuary)
  2 jackal zombies (Ossuary)
  21 kobolds
  5 kobold zombies (Ossuary)
  13 orc zombies (Ossuary)
  A quokka skeleton (D:7)
  6 rats
  A rat zombie (Ossuary)
  A spectral jackal (D:7)
  A lurking horror (Abyss:2)
438 creatures vanquished.

Vanquished Creatures (others)
  A yaktaur (D:12)
  An adder (D:9)
  2 starspawn tentacles (Abyss:2)
4 creatures vanquished.

Grand Total: 442 creatures vanquished

Notes
Turn   | Place    | Note
-------+----------+-------------------------------------------
     0 | D:1      | Peloso the Minotaur Fighter began the quest for the Orb.
     0 | D:1      | Reached XP level 1. HP: 19/19 MP: 0/0
    71 | D:1      | Reached XP level 2. HP: 27/27 MP: 1/1
   651 | D:1      | Reached XP level 3. HP: 33/33 MP: 2/2
   892 | D:2      | Reached skill level 3 in Long Blades
  1535 | D:3      | Reached XP level 4. HP: 38/40 MP: 3/3
  1656 | D:3      | Noticed Ijyb
  1685 | D:3      | Killed Ijyb
  1685 | D:3      | Reached XP level 5. HP: 31/47 MP: 4/4
  1696 | D:3      | Noticed Sigmund
  1702 | D:3      | Killed Sigmund
  1702 | D:3      | Reached skill level 4 in Long Blades
  1702 | D:3      | Reached skill level 1 in Dodging
  1702 | D:3      | Reached XP level 6. HP: 39/55 MP: 5/5
  1709 | D:3      | Reached skill level 5 in Armour
  1850 | D:3      | Noticed Terence
  1855 | D:3      | Killed Terence
  1855 | D:3      | Reached skill level 5 in Long Blades
  2121 | D:3      | Found a snail-covered altar of Cheibriados.
  2367 | D:4      | Found a staircase to the Ecumenical Temple.
  2376 | Temple   | Entered the Ecumenical Temple
  2412 | Temple   | Became a worshipper of Warmaster Okawaru
  2617 | D:4      | Found Ypriv's Distillery.
  2641 | D:4      | Bought a potion of mutation for 88 gold pieces
  2641 | D:4      | Bought a potion of flight for 33 gold pieces
  2668 | D:4      | Reached skill level 5 in Fighting
  2770 | D:3      | Reached skill level 1 in Stealth
  3187 | D:4      | Reached XP level 7. HP: 57/61 MP: 6/6
  3446 | D:5      | Entered Level 5 of the Dungeon
  3500 | D:5      | Noticed Blork the orc
  3507 | D:5      | Reached skill level 5 in Shields
  3511 | D:5      | Reached skill level 6 in Long Blades
  3535 | D:4      | Killed Blork the orc
  3934 | D:5      | Reached * piety under Okawaru
  4152 | D:5      | Noticed Edmund
  4183 | D:5      | Killed Edmund
  4237 | D:4      | Reached skill level 7 in Long Blades
  4237 | D:4      | Reached XP level 8. HP: 18/69 MP: 4/7
  4832 | D:5      | Found a runed translucent door.
  4833 | D:5      | Noticed Crazy Yiuf
  4838 | D:5      | Killed Crazy Yiuf
  4965 | D:6      | Reached ** piety under Okawaru
  5003 | D:6      | Reached skill level 8 in Long Blades
  5086 | D:6      | Found a bloodstained altar of Trog.
  5229 | D:6      | Reached XP level 9. HP: 56/75 MP: 8/8
  5289 | D:6      | Found a blossoming altar of Fedhas.
  5290 | D:6      | Found a deep blue altar of Sif Muna.
  5359 | D:6      | Noticed Duvessa
  5360 | D:6      | Noticed Dowan
  5382 | D:6      | Killed Duvessa
  5393 | D:6      | Killed Dowan
  5665 | D:6      | Reached skill level 9 in Long Blades
  5676 | D:6      | Found a hide-covered altar of Uskayaw.
  5906 | D:7      | Found Siogalig's Antique Weapon Shop.
  5943 | D:7      | Reached *** piety under Okawaru
  6322 | D:7      | Got a clouded jade ring
  6369 | D:7      | Identified the ring of Cacuif {Wiz rElec Int+7 Slay-6} (You
                  | found it on level 7 of the Dungeon)
  6430 | D:7      | Found an opulent altar of Gozag.
  6431 | D:7      | Found a glowing silver altar of Zin.
  6671 | D:7      | Found a runed translucent gate.
  6672 | D:7      | Found a runed translucent gate.
  6672 | D:7      | Found a runed translucent gate.
  6673 | D:7      | Noticed voshxz's ghost (amateur MiBe)
  7005 | D:7      | Bought a fine long sword for 229 gold pieces
  7007 | D:7      | Identified the +3 long sword of Ablela Supo {slice, +Blink
                  | Int+4} (You bought it in a shop on level 7 of the Dungeon)
  7070 | D:8      | Found a white marble altar of Elyvilon.
  7074 | D:8      | Reached skill level 10 in Long Blades
  7075 | D:8      | Found a hazy altar of Hepliaklqana.
  7075 | D:8      | Found an ornate altar of the Wu Jian Council.
  7076 | D:8      | Found a burning altar of Makhleb.
  7128 | D:8      | Reached **** piety under Okawaru
  7207 | D:8      | Found a sand-covered staircase.
  7224 | Ossuary  | Entered an ossuary
  7591 | D:8      | Reached XP level 10. HP: 86/86 MP: 9/9
  7653 | D:8      | Found Hotuisot's Jewellery Shop.
  7846 | D:8      | Found a stormy altar of Qazlal.
  8138 | D:8      | Reached skill level 11 in Long Blades
  8258 | D:9      | Reached ***** piety under Okawaru
  8596 | D:9      | Received a gift from Okawaru
  8638 | D:9      | Reached skill level 12 in Long Blades
  8664 | D:9      | Got a scorched fustibalus
  8699 | D:9      | Reached XP level 11. HP: 84/97 MP: 10/10
  8918 | D:9      | Reached skill level 10 in Armour
  8942 | D:10     | Entered Level 10 of the Dungeon
  9112 | D:10     | Noticed Joseph
  9117 | D:10     | Found a large runed translucent door.
  9117 | D:10     | Found a large runed translucent door.
  9117 | D:10     | Noticed Peloso's ghost (novice MiFi)
  9124 | D:10     | Killed Joseph
  9295 | D:10     | Reached skill level 10 in Shields
  9350 | D:10     | Found a staircase to the Lair.
  9551 | D:10     | Received a gift from Okawaru
  9620 | D:10     | Found a staircase to the Orcish Mines.
 10146 | D:11     | Noticed Grum
 10168 | D:11     | Killed Grum
 10390 | D:11     | Reached skill level 13 in Long Blades
 10988 | D:12     | Noticed a two-headed ogre
 10997 | D:12     | Killed a two-headed ogre
 11227 | D:12     | Noticed a brown ugly thing
 11240 | D:12     | Killed a brown ugly thing
 11319 | D:12     | Reached skill level 10 in Fighting
 12167 | D:12     | Reached XP level 12. HP: 87/106 MP: 11/11
 12641 | D:12     | Noticed a minotaur
 12647 | D:12     | Noticed a death yak
 12649 | D:12     | Noticed a death yak
 13460 | D:12     | Killed a minotaur
 13460 | D:12     | Reached skill level 14 in Long Blades
 13908 | D:12     | Noticed a death yak
 13909 | D:12     | Noticed a death yak
 13941 | D:12     | Killed a death yak
 13941 | D:12     | Reached skill level 5 in Dodging
 13980 | D:12     | Killed a death yak
 13980 | D:12     | Reached skill level 1 in Invocations
 13985 | D:12     | Killed a death yak
 13994 | D:12     | Killed a death yak
 13994 | D:12     | Reached ****** piety under Okawaru
 14251 | D:12     | Noticed a minotaur
 14284 | D:12     | Killed a minotaur
 15158 | D:7      | Killed voshxz's ghost
 15357 | D:10     | Killed Peloso's ghost
 15357 | D:10     | Received a gift from Okawaru
 15425 | Lair:1   | Entered Level 1 of the Lair of Beasts
 15699 | Lair:1   | Cast into level 2 of the Abyss (a distortion unwield)
 15852 | Abyss:2  | Got a flickering ruby amulet
 15857 | Abyss:2  | Identified the amulet "Fouge" {Inacc +Inv} (You found it on
                  | level 2 of the Abyss)
 15912 | Abyss:2  | Noticed a red draconian
 15922 | Abyss:2  | HP: 4/108 [red draconian/searing blast (46)]
 15924 | Abyss:2  | Killed a red draconian
 16030 | Abyss:2  | Noticed a tentacled starspawn
 16048 | Abyss:2  | Found a deep blue altar of Sif Muna.
 16064 | Abyss:2  | Killed a tentacled starspawn
 16064 | Abyss:2  | Reached XP level 13. HP: 10/116 MP: 11/13
 16152 | Abyss:3  | Noticed a blizzard demon
 16152 | Abyss:3  | Noticed a merfolk impaler
 16152 | Abyss:3  | Noticed a blizzard demon
 16162 | Abyss:3  | Killed from afar by a smoke demon

Skill      XL: |  1  2  3  4  5  6  7  8  9 10 11 12 |
---------------+-------------------------------------+-----
Fighting       | 4 5 6 7 9 10 11 | 11.2
Armour         | 4 5 7 8 9 11 12 | 12.6
Shields        | 4 5 6 8 9 11 13 | 13.4
Long Blades    | 3 4 5 7 8 10 12 13 14 | 14.5
Dodging        | 1 2 3 4 5 |  5.4
Stealth        | 1 |  1.8
Invocations    | 2 |  2.4
Evocations     | |  0.2

Action                   |  1- 3 |  4- 6 |  7- 9 | 10-12 | 13-15 || total
-------------------------+-------+-------+-------+-------+-------++-------
Melee: Long sword        |    76 |    89 |   430 |   839 |    32 ||  1466
       Headbutt          |     9 |    13 |    89 |   250 |     8 ||   369
       Demon blade       |       |       |       |    20 |       ||    20
Invok: Heroism           |       |       |     4 |    13 |       ||    17
Evoke: Wand              |       |     2 |       |     2 |       ||     4
  Use: Potion            |     4 |     1 |     1 |     5 |     1 ||    12
       Scroll            |     3 |     2 |     6 |     9 |     3 ||    23
  Eat: Chunk             |     1 |     6 |     9 |    15 |       ||    31
       Ration            |       |       |     2 |     4 |       ||     6
Armor: Scale mail        |    27 |    48 |    46 |       |       ||   121
       Chain mail        |       |       |    69 |    41 |       ||   110
       Plate armour      |       |       |       |   190 |    11 ||   201
Dodge: Dodged            |    41 |    36 |   121 |   169 |     4 ||   371
Block: Shield            |    35 |    39 |   239 |   463 |    20 ||   796
       Reflection        |       |       |       |     4 |       ||     4
       Rpst.: Long sword |    12 |     6 |    35 |    32 |       ||    85
       Demon blade       |       |       |       |     4 |       ||     4
